AoeStats
← Rene

Arabia

508215520Analyzed
1v1 RM · 11d ago on Sep 21, 2026· 23m 22s· 2 players
Game mode
Random Map
Map size
Tiny (2 player)
Population
200
Speed
Normal
Resources
Standard
Victory
Conquest
Starting age
Dark Age
Ending age
Imperial Age
RankedLock teamsTeams togetherTeam positionsShared explorationLock speedFull tech treeHidden civsTurbo modeCheats
Victory
Defeat
🇳🇱 Ethiopians · Netherlands
1172
+15
🇦🇷 Ethiopians · Argentina
1142
-15
EGIRR
6:33 Loom
9:00 Feudal Age
11:48 Double-Bit Axe
21:58 Fletching
Rene
6:40 Loom
8:56 Feudal Age
12:48 Fletching
15:37 Padded Archer Armor
23:16 Castle Age
21:42 Double-Bit Axe
23:53 Bodkin Arrow
Connection lost

Rejoining the realm…

Still unreachable

The connection could not be restored.

Session expired

The server has moved on; the page needs a fresh start.